Unix NetHack Version 5.0.0-0 post-release - last build Jun 10 2026 00:39:30 (3ee93aec679c4c4259841fe613dc97188e26a321,branch:main).

Game began 2026-07-10 04:00:02, ended 2026-07-10 04:15:28.

JohnDarcy, neutral male human Tourist

       -----.-
       |....@|
       |....`|
       |....d.
       |.....|
       -------

JohnDarcy the Sightseer     St:12 Dx:12 Co:15 In:12 Wi:10 Ch:17  Neutral
Dlvl:5  $:989 HP:0(22) Pw:14(14) AC:5  Xp:3 T:548 

Latest messages:
 What do you want to write with? [- au or ?*] u
 Do you want to add to the current engraving? [ynq] (y) y
 You add to the writing in the dust with a crystal wand.
 What do you want to add to the writing in the dust here? Elbereth
 What do you want to zap? [u or ?*] u
 In what direction? <esc>
 The crystal wand glows and fades.
 This door is locked.
 Unlock it with your credit card? [ynq] (q) y
 You succeed in picking the lock.
 The door opens.
 The sewer rat bites!
 The sewer rat just misses!
 What do you want to use or apply? [clmu or ?*] c
 In what direction? 8
 The sewer rat is blinded by the flash!
 The sewer rat turns to flee.
 You swap places with Lurch.
 Lurch misses it.
 Lurch misses it.
 You hear some noises.
 You swap places with Lurch.
 Lurch misses it.
 You swap places with Lurch.
 You swap places with Lurch.
 You hear a gurgling noise.
 You swap places with Lurch.
 The sewer rat bites!
 You swap places with Lurch.
 Lurch bites the sewer rat.
 The sewer rat is killed!
 Lurch eats a sewer rat corpse.
 You see here a towel.
 You see here a towel.
 v - a towel.
 You see here a violet gem.
 (For instructions type a '?')
 Call a violet gem: violet 2
 You descend the stairs.
 You stop searching.
 Lurch bites the iguana.
 Lurch misses the iguana.
 The iguana bites!
 Lurch misses the iguana.
 Lurch misses the iguana.
 Click!  You trigger a rolling boulder trap!
 The boulder hits Lurch!
 You are hit by a boulder!
 You die...
 Do you want your possessions identified? [ynq] (y) q

Inventory:
 Coins    ('$')
  $ - 989 gold pieces
 Weapons  (')')
  a - 26 +2 darts (at the ready)
 Armor    ('[')
  p - an uncursed +0 helmet (being worn)
  s - an uncursed +2 pair of iron shoes (being worn)
  j - an uncursed +0 Hawaiian shirt with a plumeria motif (being worn)
 Comestibles  ('%')
  d - 7 uncursed food rations
  f - an uncursed tripe ration
 Scrolls  ('?')
  i - 4 uncursed scrolls of magic mapping
 Potions  ('!')
  h - 2 uncursed potions of extra healing
 Wands    ('/')
  u - a wand of locking (0:5)
 Tools    ('(')
  m - an uncursed blindfold
  l - an uncursed credit card
  c - an expensive camera (0:94)
  v - an uncursed towel

JohnDarcy the Tourist's attributes:

Background:
 You were a Sightseer, a level 3 male human Tourist.
 You were neutral, on a mission for The Lady
 who was opposed by Blind Io (lawful) and Offler (chaotic).
 You were right-handed.
 You were in the Dungeons of Doom, on level 5.
 You entered the dungeon 548 turns ago.
 It was nighttime.
 You had 70 experience points, 10 more were needed to attain level 4.

Basics:
 You had 0 out of 22 hit points.
 You had all 14 energy points (spell power).
 Your armor class was 5.
 Your wallet contained 989 zorkmids.
 Autopickup was off.

Final Characteristics:
 Your strength was 12 (limit:18/100).
 Your dexterity was 12 (limit:18).
 Your constitution was 15 (limit:18).
 Your intelligence was 12 (limit:18).
 Your wisdom was 10 (limit:18).
 Your charisma was 17 (limit:18).

Final Status:
 You weren't hungry.
 You were unencumbered.
 You were bare handed.
 You were unskilled in bare handed combat.

Final Attributes:
 You were fervently aligned.
 You are dead.

Miscellaneous:
 You didn't encounter any bones levels.
 Total elapsed playing time was 7 minutes and 42 seconds.

Major events:
 Turn
    1: JohnDarcy the neutral male human Tourist entered the dungeon
  232: entered the Gnomish Mines
  259: attained the rank of Sightseer (level 3)
  548: killed by a boulder

You didn't know any spells.

Skills:
 Fighting Skills
   bare handed combat [Unskilled]
   two weapon combat  [Unskilled]
   riding             [Unskilled]
 Weapon Skills
   dagger             [Unskilled]
   knife              [Unskilled]
   axe                [Unskilled]
   pick-axe           [Unskilled]
   short sword        [Unskilled]
   broadsword         [Unskilled]
   long sword         [Unskilled]
   two-handed sword   [Unskilled]
   saber              [Unskilled]
   mace               [Unskilled]
   morning star       [Unskilled]
   flail              [Unskilled]
   hammer             [Unskilled]
   quarterstaff       [Unskilled]
   polearms           [Unskilled]
   spear              [Unskilled]
   trident            [Unskilled]
   lance              [Unskilled]
   bow                [Unskilled]
   sling              [Unskilled]
   crossbow           [Unskilled]
   dart               [Basic]
   shuriken           [Unskilled]
   boomerang          [Unskilled]
   whip               [Unskilled]
   unicorn horn       [Unskilled]
 Spellcasting Skills
   divination spells  [Unskilled]
   enchantment spells [Unskilled]
   escape spells      [Unskilled]

Voluntary challenges:
 Character rerolling was not enabled.
 You went without food.
 You were an atheist.
 You never hit with a wielded weapon.
 You never genocided any monsters.
 You never polymorphed an object.
 You never changed form.
 You used no wishes.
Achievements:
 You entered the Gnomish Mines.
 You attained the rank of Sightseer.

 The Dungeons of Doom: levels 1 to 5
    Level 1:
    Level 2:
       A fountain.
       Stairs down to The Gnomish Mines.
    Level 3:
    Level 4:
       A fountain, a sink.
    Level 5: <- You were here.
       Final resting place for
          you, killed by a boulder.
 The Gnomish Mines:
    Level 3:


Vanquished creatures:
  a gnome leader
  a dwarf
  a hobbit
  5 gnomes
  a fox
  a goblin
  3 sewer rats
  a grid bug
  2 newts
16 creatures vanquished.

No species were genocided or became extinct.

Game over:
                       ----------
                      /          \
                     /    REST    \
                    /      IN      \
                   /     PEACE      \
                  /                  \
                  |    JohnDarcy     |
                  |      989 Au      |
                  |   killed by a    |
                  |     boulder      |
                  |                  |
                  |                  |
                  |       2026       |
                 *|     *  *  *      | *
        _________)/\\_//(\/(/\)/\//\/|_)_______

Aloha JohnDarcy the Tourist...

You died in The Dungeons of Doom on dungeon level 5 with 492 points,
and 989 pieces of gold, after 548 moves.
You were level 3 with a maximum of 22 hit points when you died.

